 Dungeon Crawl Stone Soup version 0.29.1-13-g9f3cf754e1 (webtiles) character file.

Game seed: 14995716152366399987

2752 zeram the Cleaver (level 9, -9/80 HPs)
             Began as a Hill Orc Fighter on Jan 23, 2023.
             Was a Follower of Qazlal.
             Killed from afar by Maggie (16 damage)
             ... with a bolt of fire
             ... on level 7 of the Dungeon.
             The game lasted 00:11:30 (6617 turns).

zeram the Cleaver (Hill Orc Fighter)                Turns: 6617, Time: 00:11:31

Health: -9/80      AC: 17    Str: 23    XL:     9   Next: 68%
Magic:  9/9        EV:  7    Int:  8    God:    Qazlal [*.....]
Gold:   247        SH:  7    Dex: 10    Spells: 8/8 levels left

rFire   . . .      SeeInvis .   a - +1 war axe (vorpal)
rCold   . . .      Faith    .   c - +0 buckler
rNeg    . . .      Spirit   .   q - +1 plate armour
rPois   .          Reflect  .   l - +0 helmet
rElec   .          Harm     .   k - +1 cloak
rCorr   .          Rampage  .   (no gloves)
Will    .....                   (no boots)
Stlth   ..........              (no amulet)
HPRegen 0.23/turn               (no ring)
MPRegen 0.11/turn               (no ring)

@: mesmerised
A: no striking features
a: Renounce Religion


You were on level 7 of the Dungeon.
You worshipped Qazlal.
Qazlal was aware of your devotion.
You visited 1 branch of the dungeon, and saw 8 of its levels.
You also visited: Sewer.

You collected 247 gold pieces.

Inventory:

Hand Weapons
 a - a +1 vorpal war axe (weapon)
 p - a +3 flail
Armour
 c - a +0 buckler (worn)
 k - a +1 cloak (worn)
 l - a +0 helmet (worn)
 q - a +1 plate armour (worn)
Scrolls
 b - a scroll of fear
 d - a scroll of identify
 j - 2 scrolls of teleportation
Potions
 e - 3 potions of degeneration
 f - a potion of resistance {unknown}
 g - 5 potions of curing
 h - 2 potions of heal wounds
 i - 3 potions of haste {unknown}
 m - a potion of magic {unknown}
 n - a potion of invisibility {unknown}
 o - a potion of lignification {unknown}


   Skills:
 + Level 7.7 Fighting
 + Level 11.7 Axes
 + Level 7.2 Armour
 + Level 1.9 Dodging
 + Level 5.5 Shields


You had 8 spell levels left.
You didn't know any spells.
Your spell library contained the following spells:

 Spells                   Type           Power      Damage    Failure   Level
 Portal Projectile        Hex/Tloc       0%         N/A       100%        3
 Anguish                  Hex/Necr       0%         N/A       100%        4
 Hailstorm                Conj/Ice       0%         3d3       100%        4
 Blade Hands              Tmut           0%         N/A       100%        5
 Irradiate                Conj/Tmut      0%         3d11      100%        5
 Lightning Bolt           Conj/Air       0%         1d11      100%        5
 Metabolic Englaciation   Hex/Ice        0%         N/A       100%        5
 Dragon Form              Tmut           0%         N/A       100%        7
 Enfeeble                 Hex            0%         N/A       100%        7


Dungeon Overview and Level Annotations

Branches:
Dungeon (8/15)              Sewer (visited)
 Temple: D:4-7         Lair: D:8-11

Altars:
Makhleb
Qazlal
Sif Muna

Annotations:
D:7 Maggie


Message History

The bolt of fire hits you!!
Your life force feels restored.
You hit Maggie.
Maggie is heavily wounded.
You slice Maggie!!
Maggie is severely wounded.
Maggie drinks a potion.
Maggie is healed!
You hit Maggie.
Maggie is severely wounded.
Maggie gestures wildly while chanting.
Maggie draws you further into her thrall.
You closely miss Maggie.
Maggie is severely wounded.
Maggie gestures at you while chanting. The bolt of fire hits you!
* * * LOW HITPOINT WARNING * * *
Unknown command.
You hit Maggie but do no damage.
Maggie is severely wounded.
Maggie casts a spell.
Maggie draws you further into her thrall.
Unknown command.
You barely miss Maggie.
Maggie is severely wounded.
Maggie gestures at you while chanting. The bolt of fire hits you!
* * * LOW HITPOINT WARNING * * *
Unknown command.
You hit Maggie but do no damage.
Maggie is severely wounded.
Maggie barely misses you.
Unknown command.
You closely miss Maggie.
Maggie is severely wounded.
Maggie closely misses you.
You hit Maggie.
Maggie is severely wounded.
Maggie casts a spell at you. The bolt of fire hits you!
You die...

,,,,,,,,,,,,,,,*,**,,,,.........)
*,,****,***,,,,*,**,****#......##
<,,,,,*,* *,,,,*,**,*####......##
*,,**,*,* #,,,,,,**,*#...........
,,,,,,*,* #.,,,,,**,*#.........##
,,,,,,,,* *#.,,****,,.........###
*,**,,*** #..,* ***#.###.#.#...
,,,,,,***###...#######.##........
****,,,,,......†@....#.##.##.#...
***,,,,,,......)@.........<......
,,,,,,,,,.................####)..
**,,*,***###$..#####.####........
,,,,,,* #...* #.####.####...
**,**** #...* #.##...# #### *,*
#..,* #.##.#.# *,*
*#..,****#.##.#.# *,*
*,,,,,,,*#.,....#******


You could see Maggie (mesmerising).

Vanquished Creatures
  The ghost of SirLogeyBear the Cleaver, a novice HOBe of Trog (D:5)
  Joseph (D:7)
  A wyvern (D:7)
  Pargi (Sewer)
  An ogre (D:4)
  2 black bears
  3 phantoms
  A bullfrog (D:5)
  A necrophage (D:4)
  2 scorpions
  5 wights (D:7)
  A killer bee (D:4)
  A howler monkey (D:5)
  5 hounds
  2 gnoll boudas
  An orc priest (D:7)
  Crazy Yiuf (D:3)
  Ijyb (D:3)
  Terence (D:3)
  3 iguanas
  12 adders
  3 gnolls (D:6)
  2 river rats (D:3)
  A shadow imp (D:6)
  A white imp (D:7)
  An ufetubus (D:6)
  An adder skeleton (D:2)
  3 adder zombies (D:2)
  A worm (D:2)
  4 dart slugs
  7 orcs
  6 ball pythons
  6 bats
  A bat skeleton (D:2)
  2 bat zombies (D:2)
  6 endoplasms
  6 giant cockroaches
  8 goblins
  10 hobgoblins
  3 jackals (D:1)
  7 quokkas
  A ball python zombie (D:2)
  2 frilled lizards
  A giant cockroach zombie (D:2)
  15 kobolds
  A quokka zombie (D:2)
  7 rats
153 creatures vanquished.

Vanquished Creatures (others)
  4 fungi (D:3)
  3 withered plants (D:2)
7 creatures vanquished.

Grand Total: 160 creatures vanquished

Notes
Turn   | Place    | Note
-------+----------+-------------------------------------------
     0 | D:1      | zeram the Hill Orc Fighter began the quest for the Orb.
     0 | D:1      | Reached XP level 1. HP: 19/19 MP: 1/1
    66 | D:1      | Reached XP level 2. HP: 21/27 MP: 2/2
   197 | D:1      | Reached skill level 3 in Axes
   287 | D:1      | Reached XP level 3. HP: 27/33 MP: 3/3
   863 | D:2      | Reached XP level 4. HP: 38/40 MP: 4/4
   896 | D:2      | Reached skill level 4 in Axes
  1322 | D:2      | Noticed a great orb of eyes
  1326 | D:2      | Noticed a floating eye
  1350 | D:2      | Found a faded altar of an unknown god.
  1359 | D:2      | Noticed a great orb of eyes
  1359 | D:2      | Noticed a floating eye
  1582 | D:2      | Reached XP level 5. HP: 46/46 MP: 5/5
  1968 | D:3      | Found a burning altar of Makhleb.
  1970 | D:3      | Noticed an Executioner
  2028 | D:3      | Found a runed translucent door.
  2029 | D:3      | Noticed Crazy Yiuf
  2036 | D:3      | Killed Crazy Yiuf
  2134 | D:3      | Noticed Terence
  2142 | D:3      | Killed Terence
  2143 | D:3      | Reached skill level 5 in Axes
  2270 | D:3      | Reached skill level 1 in Dodging
  2300 | D:3      | Found a glowing drain.
  2306 | Sewer    | Entered a sewer
  2317 | Sewer    | Noticed Pargi
  2321 | Sewer    | Killed Pargi
  2322 | Sewer    | Reached XP level 6. HP: 50/55 MP: 6/6
  2514 | D:3      | Reached skill level 5 in Fighting
  2571 | D:3      | Noticed Ijyb
  2583 | D:3      | Killed Ijyb
  2584 | D:3      | Reached skill level 6 in Axes
  3187 | D:4      | Reached skill level 5 in Armour
  3187 | D:4      | Reached XP level 7. HP: 16/61 MP: 7/7
  3476 | D:4      | Found a stormy altar of Qazlal.
  3806 | D:4      | Became a worshipper of Qazlal Stormbringer
  3837 | D:4      | Reached skill level 7 in Axes
  4356 | D:4      | Got the Octavo of Guile and Attacks
  4672 | D:5      | Entered Level 5 of the Dungeon
  4733 | D:5      | Identified the +5 arbalest of Fundamental Breach {venom,
                  | rN+ Will+ Int+3}
  4767 | D:5      | Reached XP level 8. HP: 70/70 MP: 8/8
  5011 | D:5      | Reached skill level 8 in Axes
  5073 | D:5      | Found a shimmering blue altar of Sif Muna.
  5138 | D:5      | Found a large runed translucent door.
  5138 | D:5      | Found a large runed translucent door.
  5142 | D:5      | Noticed SirLogeyBear's ghost (novice HOBe)
  5183 | D:5      | Reached * piety under Qazlal
  5377 | D:5      | Killed SirLogeyBear's ghost
  5378 | D:5      | Reached skill level 9 in Axes
  5768 | D:6      | Reached skill level 10 in Axes
  5989 | D:6      | Reached XP level 9. HP: 67/78 MP: 9/9
  6255 | D:6      | You fall into a shaft and drop 2 floors!
  6267 | D:7      | Reached skill level 5 in Shields
  6303 | D:7      | Reached skill level 11 in Axes
  6596 | D:7      | Noticed Joseph
  6597 | D:7      | Noticed Maggie
  6608 | D:7      | Killed Joseph
  6617 | D:7      | Killed from afar by Maggie

Illustrated notes

Levels and vault maps discovered:
D:1:      wheals_arrival_shading, layout_basic, grunt_decor_arrowhead
D:2:      layout_loops_ring, serial_undead, serial_undead_d, serial_undead_a,
          serial_undead_f, serial_undead_b, serial_undead_b, serial_undead_d,
          serial_undead_c, serial_undead_d, serial_undead_d, serial_undead_a,
          hellmonk_ecumenical_altar_watching_god
D:3:      layout_loops_ring, makhleb_altar_promises_db,
          lightli_sewer_entry_pipes, uniq_ijyb, uniq_crazy_yiuf_cottage,
          uniq_terence
D:4:      minmay_clustersquares, layout_loops_ring,
          lemuel_coloured_pillars_altar, lightli_corner_chamber
D:5:      layout_loops_ring, mainiacjoe_overflow_alcove_1,
          ebering_ghost_disaster_area
D:6:      layout_loops_ring, minmay_temple_entry_enclosed_plants
D:7:      layout_loops_cross, worms_lemuel, uniq_maggie, uniq_joseph
D:8:      layout_basic, grunt_lair_entry_orc_guard_hut, serial_shops,
          nicolae_shop_statue_plus, st_stairs_1, kennysheep_generic_room_8

Skill      XL: |  1  2  3  4  5  6  7  8  9 |
---------------+----------------------------+-----
Axes           | 3 4 5 6 7 10 11 | 11.7
Fighting       | 4 5 6 7 |  7.7
Armour         | 4 5 6 7 |  7.2
Shields        | 4 5 |  5.5
Dodging        | 1 |  1.9

Action                   |  1- 3 |  4- 6 |  7- 9 || total
-------------------------+-------+-------+-------++-------
Melee: War axe           |    74 |   212 |   221 ||   507
  Use: Scroll            |     3 |     7 |     7 ||    17
       Potion            |       |     1 |     1 ||     2
Armor: Scale mail        |    54 |   125 |    42 ||   221
       Plate armour      |       |       |    60 ||    60
Dodge: Dodged            |    40 |    95 |    73 ||   208
Block: Buckler           |    22 |    37 |    52 ||   111
